cohdb
Replays
Latest Replays
All Replays
Popular Replays
Top Player Replays
Match Explorer
How It Works
Community
CoH3 Stats
Reddit
Sign in to upload your games and track your stats! →
Sign in with Steam
Match 47040079
Unlisted
Match 47040079
Overview
Messages
Build Orders
End
Construct Infanterie Kompanie
Kettenkrad Recon Vehicle
MG 42 Machine Gun Team
Grenadier Squad
GrW 34 Mortar Team
MG 42 Machine Gun Team
Medical Station
Construct Panzergrenadier Kompanie
Pak 40 Anti-tank Gun Team
Panzergrenadier Squad
Pak 40 Anti-tank Gun Team
Pak 40 Anti-tank Gun Team
251 Medium Carrier
MG 42 Machine Gun Team
Panzergrenadier Squad
Pak 40 Anti-tank Gun Team
Pioneer Squad
Wolverine
AVOCADO BRO
NooJ
alswn4553
0
0
Comments
sign in to comment!
No comments posted yet!